 Dungeon Sprint DCSS version 0.24.0-1-gfbc8707 (webtiles) character file.

Game seed: 2227159554709979611, levelgen mode: deterministic

44854 Fang the Warrior (level 14, -19/83 HPs)
             Began as a Gargoyle Berserker on Nov 1, 2019.
             Was the Champion of Trog.
             Killed from afar by an ancient lich (102 damage)
             ... with a bolt of fire
             ... in the Dungeon (Sprint V: "Ziggurat Sprint").
             The game lasted 00:07:33 (1448 turns).

Fang the Warrior (Gargoyle Berserker)               Turns: 1448, Time: 00:07:33

Health: -19/83     AC: 47    Str: 27    XL:     14   Next: 30%
Magic:  14/14      EV:  6    Int:  8    God:    Trog [******]
Gold:   0          SH: 26    Dex:  9    Spells: 13/13 levels left

rFire    . . .     SeeInvis +   j - +5 broad axe (vamp)
rCold    . . .     Gourm    .   G - +18 shield of the Gong {rElec rN+ MR+ EV-5}
rNeg     + + +     Faith    .   b - +15 Maxwell's patent armour {-Cast -Tele rElec MR+ rCorr}
rPois    ∞         Spirit   .   Y - +3 crown of Dyrovepreva {rElec Int+2 SInv}
rElec    +         Reflect  .   (no cloak)
rCorr    +         Harm     +   (no gloves)
MR       +++..     NoTele   +   (no boots) Stlth ..........NoCast +
                                z - amulet "Hiprecir" {Harm *Drain Str+3 Slay+3}
HPRegen  0.23/turn              S - +6 ring of protection
MPRegen  0.14/turn              P - ring of Xom's Passing Interest {rN+ Int-4 Slay+5}

@: flying, studying Maces & Flails
A: big wings, deformed body, deterioration 1, frail 2, negative energy
resistance 1, electricity resistance, unbreathing, petrification resistance, rot
immunity, AC +10
a: Stop Flying, Berserk, Trog's Hand, Brothers in Arms, Renounce Religion


You were in the Dungeon.
You worshipped Trog.
Trog was exalted by your worship.
You were not hungry.

You visited 1 branch

Inventory:

Hand Weapons
 j - a +5 vampiric broad axe (weapon)
 k - a +5 executioner's axe of freezing
 J - a +4 war axe of flaming
 K - a +5 vampiric battleaxe
 U - a +6 battleaxe of distortion
 W - the +8 mace of Balance {venom, rC+}
   (You took it off a yaktaur in the Dungeon)

   It poisons the flesh of those it strikes.
   It protects you from cold.
 X - a +3 battleaxe of chopping
 Z - a +2 executioner's axe of chopping
Armour
 b - the +15 Maxwell's patent armour (worn) {-Cast -Tele rElec MR+ rCorr}
   (You found it in the Dungeon)

   It insulates you from electricity.
   It affects your resistance to hostile enchantments.
   It prevents spellcasting.
   It prevents most forms of teleportation.
   It provides partial protection from all sources of acid and corrosion.
 G - the +18 shield of the Gong (worn) {rElec rN+ MR+ EV-5}
   (You found it in the Dungeon)

   It affects your evasion (-5).
   It insulates you from electricity.
   It protects you from negative energy.
   It affects your resistance to hostile enchantments.
 I - the +3 hat of Pondering {ponderous, MR+ MP+10 Int+5}
   (You found it in the Dungeon)

   It affects your intelligence (+5).
   It affects your resistance to hostile enchantments.
   It affects your magic capacity (+10).
 N - a +2 plate armour of fire resistance
 T - the +2 hat of the Bear Spirit {Spirit, +Rage rN+ MR++}
   (You found it in the Dungeon)

   It protects you from negative energy.
   It affects your resistance to hostile enchantments.
   It lets you go berserk.
 Y - the +3 crown of Dyrovepreva (worn) {rElec Int+2 SInv}
   (You found it in the Dungeon)

   It affects your intelligence (+2).
   It insulates you from electricity.
   It lets you see invisible.
Jewellery
 a - a +6 ring of strength
 z - the amulet "Hiprecir" (around neck) {Harm *Drain Str+3 Slay+3}
   (You found it in the Dungeon)

   [amulet of harm]

   It increases damage dealt and taken.
   It affects your strength (+3).
   It affects your accuracy and damage with ranged weapons and melee attacks
   (+3).
   It causes draining when unequipped.
 A - an uncursed ring of flight
 B - an uncursed ring of resist corrosion
 O - the amulet of the Madman {Gourm Int+3}
   (You found it in the Dungeon)

   [amulet of the gourmand]

   It allows you to eat raw meat even when not hungry.
   It affects your intelligence (+3).
 P - the ring of Xom's Passing Interest (right hand) {rN+ Int-4 Slay+5}
   (You found it in the Dungeon)

   [ring of positive energy]

   It affects your intelligence (-4).
   It affects your accuracy and damage with ranged weapons and melee attacks
   (+5).
   It protects you from negative energy.
 S - a +6 ring of protection (left hand)
 V - the ring of Polytheism {rElec Dex+2 Stlth+}
   (You took it off a merfolk javelineer in the Dungeon)

   [ring of stealth]

   It affects your dexterity (+2).
   It insulates you from electricity.
   It makes you more stealthy.
Wands
 w - a wand of disintegration (7)
 x - a wand of iceblast (7)
 y - a wand of acid (7)
Scrolls
 i - 4 scrolls of blinking
 l - 7 scrolls of fog
 m - a scroll of holy word
 n - 5 scrolls of identify
 o - 5 scrolls of remove curse
 p - 2 scrolls of fear
 L - a scroll of brand weapon
 Q - 4 scrolls of enchant armour
Potions
 d - 10 potions of curing
 e - 10 potions of heal wounds
 f - 6 potions of haste
 g - 7 potions of magic
 h - 3 potions of berserk rage
 q - 2 potions of brilliance
 r - 2 potions of invisibility
 s - 4 potions of resistance
 u - 5 potions of agility
 v - 5 potions of might
Books
 M - a manual of Maces & Flails
Comestibles
 c - 8 rations
 C - 14 chunks of flesh


   Skills:
 * Level 18.5 Fighting
 * Level 16.0(16.4) Axes
 + Level 8.0(13.7) Maces & Flails
 + Level 17.7 Armour
 + Level 14.1 Dodging


You had 13 spell levels left.
You didn't know any spells.
Your spell library was empty.

Dungeon Overview and Level Annotations

Branches:
Dungeon (1/1)

Altars:
Ashenzari
Cheibriados
Dithmenos
Elyvilon
Fedhas
Gozag
Hepliaklqana
Kikubaaqudgha
Makhleb
Nemelex Xobeh
Okawaru
Qazlal
Ru
Sif Muna
Trog
Uskayaw
Vehumet
Wu Jian
Xom
Yredelemnul
Zin
The Shining One
Beogh
Jiyva
Lugonu


Innate Abilities, Weirdness & Mutations

You are resistant to torment.
Your stone body is resilient. (AC +10)
You are immune to poison.
Your large and strong wings let you fly indefinitely.
You resist negative energy. (rN+)
You are resistant to electric shocks. (rElec)
You can survive without breathing.
You are immune to petrification.
You are immune to rotting.
Armour fits poorly on your strangely shaped body.
Your body sometimes deteriorates upon taking damage.
You are very frail. (-20% HP)


Message History

A necromancer comes into view. It is wielding a staff of conjuration.
The vampire knight casts a spell.
The vampire knight flickers and vanishes for a moment.
A wight comes into view.
It is wielding a +0 bardiche. 2 necromancers, a necrophage and a shadow come into view.
The necromancer shouts!
The necromancer casts a spell.
The necromancer flickers and vanishes for a moment.
The necromancer unwields a +0 dagger.
The necromancer drops a +0 dagger.
The necromancer picks up an uncursed staff of earth.
The necromancer wields an uncursed staff of earth.
The shadow slips into darkness.
The shadow flickers and vanishes for a moment.
The necromancer unwields a +0 dagger.
The necromancer drops a +0 dagger.
The necromancer picks up an uncursed staff of conjuration.
The necromancer wields an uncursed staff of conjuration.
The ancient lich points at you and mumbles some strange words.
The bolt of fire hits you!!!!
Ouch! That really hurt!
You die...

▓..}).▓.)
▓..p.)}|pW..▓▓..|..▓..
▓...pn......▓▓.....▓..
..L.W......▓▓.....▓..
..V.n.....▓▓..÷..▓..
..z....z ▓..©..▓..
.Z...▓ ▓▓▓▓▓▓▓▓▓▓ ▓
▓▓...▓▓ ▓..8©8...▓
▓..▓.@Z..▓..▓..)|....▓
▓..V..©.....▓...)....▓
▓▓▓▓▓▓▓▓▓▓▓▓▓...)....▓
▓.≈≈.8©8≈...▓..)))...▓
▓..:≈:|)|)..▓.▓....▓.▓
▓≈.≈)≈}||)≈.▓...©....▓
▓.≈..[≈..≈≈.▓▓▓▓▓▓▓▓▓▓
▓...........▓...8©8...
▓..≈≈))...≈.▓..)|[)...


You could see a ghoul, an ancient lich, a vampire knight (invisible), 3
necromancers, a vampire, a necrophage, 2 shadows, 2 wights, a jackal zombie and
a bat skeleton.

Vanquished Creatures
  A deep elf master archer (D)
  A very ugly thing (D)
  A stone giant (D)
  2 merfolk javelineers (D)
  2 merfolk impalers (D)
  3 yaktaur captains (D)
  2 naga warriors (D)
  A merfolk avatar (D)
  2 anacondas (shapeshifter) (D)
  An anaconda (D)
  2 merfolk aquamancers (D)
  A sea snake (D)
  A lindwurm (shapeshifter) (D)
  2 shining eyes (D)
  5 toenail golems (D)
  2 wolf spiders (D)
  A moth of wrath (shapeshifter) (D)
  2 black mambas (D)
  A merfolk siren (D)
  An elephant (shapeshifter) (D)
  A torpor snail (shapeshifter) (D)
  A spiny frog (D)
  A rime drake (D)
  A yaktaur (shapeshifter) (D)
  A yaktaur (D)
  2 jumping spiders (D)
  2 merfolk (D)
  2 slime creatures (D)
  A snapping turtle (D)
  A hippogriff (shapeshifter) (D)
  Sigmund (D)
  A wyvern (D)
  3 water elementals (D)
  4 tarantellas (D)
  2 yaks (D)
  A fire elemental (D)
  A steam dragon (D)
  A neqoxec (D)
  A naga (D)
  An acid dragon (D)
  A porcupine (D)
  2 hell hounds (D)
  2 water moccasins (D)
  2 swamp drakes (D)
  A phantom (D)
  2 eyes of draining (D)
  A necrophage (D)
  3 centaurs (D)
  Blork the orc (D)
  A bullfrog (D)
  4 scorpions (D)
  A wight (D)
  Crazy Yiuf (D)
  A jelly (D)
  Jessica (D)
  An iguana (D)
  An adder (D)
  2 river rats (D)
  An ooze (D)
  3 adder zombies (D)
  4 ball pythons (D)
99 creatures vanquished.

Vanquished Creatures (others)
  A fire vortex (D)
1 creature vanquished.

Grand Total: 100 creatures vanquished

Notes
Turn   | Place    | Note
-------+----------+-------------------------------------------
     0 | D        | Fang the Gargoyle Berserker began the quest for the Orb.
     0 | D        | Reached XP level 1. HP: 14/14 MP: 1/1
     9 | D        | Found a blossoming altar of Fedhas.
    10 | D        | Found the +6 Majin-Bo {vamp, Archmagi MP+6 Int+6}
    10 | D        | Found the +7 great mace "Firestarter" {inner flame, rF++}
    10 | D        | Found a viscous altar of Jiyva.
    10 | D        | Found a transporter.
    10 | D        | Found a hazy altar of Hepliaklqana.
    10 | D        | Found an ancient bone altar of Kikubaaqudgha.
    10 | D        | Found an opulent altar of Gozag.
    10 | D        | Found a corrupted altar of Lugonu.
    13 | D        | Found a burning altar of Makhleb.
    15 | D        | Found a stormy altar of Qazlal.
    15 | D        | Found an iron altar of Okawaru.
    15 | D        | Found a sacrificial altar of Ru.
    15 | D        | Found a sparkling altar of Nemelex Xobeh.
    15 | D        | Found a shimmering blue altar of Sif Muna.
    15 | D        | Found a bloodstained altar of Trog.
    22 | D        | Found the +9 heavy crossbow "Sniper" {velocity, Acc+∞ SInv}
    22 | D        | Found the +10 dark maul {crush}
    22 | D        | Found the +15 Maxwell's patent armour {-Cast -Tele rElec
                  | MR+ rCorr}
    22 | D        | Found the +18 shield of the Gong {rElec rN+ MR+ EV-5}
    22 | D        | Found the cursed +14 obsidian axe {chop, +Fly SInv *Curse}
    79 | D        | Found the +6 shillelagh "Devastator" {shatter}
    79 | D        | Found the +11 plutonium sword {*Contam Stlth-}
    79 | D        | Found the +8 lance "Wyrmbane" {slay drac, rPois rF+ rC+
                  | AC+3}
    79 | D        | Found the +9 sword of Zonguldrok {reap}
    79 | D        | Found the cursed +13 scythe of Curses {drain, *Curse}
    79 | D        | Found the +0 sword of Power
    79 | D        | Found the +7 mace of Variability {chain chaos}
    79 | D        | Found the +7 Singing Sword {slice, sonic wave}
    79 | D        | Found the +8 storm bow {elec, penet}
   125 | D        | Entered arena 2.
   125 | D        | Noticed a porcupine
   125 | D        | Found a transporter.
   129 | D        | Reached skill level 4 in Fighting
   129 | D        | Reached XP level 2. HP: 20/20 MP: 2/2
   137 | D        | Killed a porcupine
   137 | D        | Reached skill level 6 in Fighting
   137 | D        | Reached skill level 5 in Axes
   137 | D        | Reached skill level 5 in Armour
   137 | D        | Reached XP level 3. HP: 17/27 MP: 3/3
   137 | D        | Reached XP level 4. HP: 21/32 MP: 4/4
   315 | D        | Entered arena 3.
   315 | D        | Noticed a tarantella
   315 | D        | Noticed a tarantella
   315 | D        | Found a transporter.
   322 | D        | Killed a tarantella
   322 | D        | Reached ** piety under Trog
   322 | D        | Reached skill level 7 in Fighting
   322 | D        | Reached skill level 5 in Dodging
   322 | D        | Reached XP level 5. HP: 38/38 MP: 5/5
   322 | D        | Reached XP level 6. HP: 44/44 MP: 6/6
   325 | D        | Killed a tarantella
   325 | D        | Reached skill level 8 in Fighting
   325 | D        | Reached XP level 7. HP: 50/50 MP: 7/7
   462 | D        | Entered arena 4.
   462 | D        | Noticed a fire elemental
   462 | D        | Found a transporter.
   469 | D        | Reached skill level 9 in Fighting
   471 | D        | HP: 3/76 [hell hound/blast of flame (2)]
   472 | D        | Reached *** piety under Trog
   475 | D        | Killed a fire elemental
   759 | D        | Entered arena 5.
   759 | D        | Noticed Sigmund
   759 | D        | Noticed Jessica
   759 | D        | Noticed Blork the orc
   759 | D        | Noticed Crazy Yiuf
   759 | D        | Found a transporter.
   762 | D        | Killed Jessica
   763 | D        | Killed Blork the orc
   763 | D        | Reached **** piety under Trog
   763 | D        | Reached skill level 10 in Fighting
   763 | D        | Reached XP level 8. HP: 53/57 MP: 8/8
   763 | D        | Killed Crazy Yiuf
   771 | D        | Killed Sigmund
   771 | D        | Reached skill level 10 in Armour
   778 | D        | Got the amulet "Hiprecir" {Harm *Drain Str+3 Slay+3}
   797 | D        | Entered arena 6.
   797 | D        | Noticed a toenail golem
   797 | D        | Noticed a toenail golem
   797 | D        | Noticed a toenail golem
   797 | D        | Noticed a toenail golem
   797 | D        | Noticed a toenail golem
   797 | D        | Found a transporter.
   802 | D        | Killed a toenail golem
   803 | D        | Killed a toenail golem
   803 | D        | Reached ***** piety under Trog
   803 | D        | Reached skill level 11 in Fighting
   803 | D        | Reached XP level 9. HP: 64/64 MP: 9/9
   805 | D        | Killed a toenail golem
   805 | D        | Killed a toenail golem
   805 | D        | Reached skill level 12 in Fighting
   805 | D        | Reached skill level 10 in Axes
   806 | D        | Killed a toenail golem
   811 | D        | Got the amulet of the Lich-sworn {Gourm Int+2}
   846 | D        | Entered arena 7.
   847 | D        | Found the +3 hat of Pondering {ponderous, MR+ MP+10 Int+5}
   847 | D        | Found a transporter.
   850 | D        | Received a gift from Trog
   890 | D        | Entered arena 8.
   890 | D        | Noticed a rime drake
   891 | D        | Found a transporter.
   894 | D        | Reached XP level 10. HP: 72/72 MP: 10/10
   895 | D        | Received a gift from Trog
   897 | D        | Reached skill level 10 in Dodging
   945 | D        | Entered arena 9.
   945 | D        | Noticed a spiny frog
   947 | D        | Found a transporter.
   948 | D        | Reached skill level 13 in Fighting
   949 | D        | Reached ****** piety under Trog
   951 | D        | Received a gift from Trog
   952 | D        | Killed a spiny frog
   967 | D        | Entered arena 10.
   967 | D        | Noticed a shining eye
   967 | D        | Noticed a shining eye
   968 | D        | Found a transporter.
   972 | D        | Gained mutation: You are frail. (-10% HP) [a shining eye]
   974 | D        | Gained mutation: You are very frail. (-20% HP) [a shining
                  | eye]
   975 | D        | Received a gift from Trog
   976 | D        | Killed a shining eye
   979 | D        | Gained mutation: Your body sometimes deteriorates upon
                  | taking damage. [a shining eye]
   980 | D        | Killed a shining eye
   988 | D        | Got the amulet of the Madman {Gourm Int+3}
   995 | D        | Entered arena 11.
   995 | D        | Noticed a wolf spider
   995 | D        | Noticed a wolf spider
   996 | D        | Found the +2 Maxwell's thermic engine {flame, freeze}
   996 | D        | Found a transporter.
   998 | D        | Reached skill level 14 in Fighting
  1001 | D        | Killed a wolf spider
  1001 | D        | Received a gift from Trog
  1001 | D        | Reached XP level 11. HP: 63/64 MP: 5/11
  1004 | D        | Killed a wolf spider
  1023 | D        | Got the ring of Xom's Passing Interest {rN+ Int-4 Slay+5}
  1038 | D        | Entered arena 12.
  1038 | D        | Noticed a shock serpent
  1038 | D        | Noticed a death drake
  1038 | D        | Noticed a two-headed ogre
  1038 | D        | Gained mutation: Armour fits poorly on your strangely
                  | shaped body. [a neqoxec]
  1039 | D        | Found the +2 hat of the Bear Spirit {Spirit, +Rage rN+
                  | MR++}
  1039 | D        | Noticed a purple very ugly thing
  1039 | D        | Noticed a cyclops
  1039 | D        | an elephant changed into a cyclops
  1039 | D        | Noticed a moth of wrath
  1039 | D        | a death drake changed into a moth of wrath
  1039 | D        | a shock serpent changed into a merfolk
  1040 | D        | Found a transporter.
  1040 | D        | Noticed a faun
  1040 | D        | a redback changed into a faun
  1040 | D        | a moth of wrath changed into a snapping turtle
  1041 | D        | Noticed an orb spider
  1041 | D        | a shapeshifter changed into an orb spider
  1042 | D        | Noticed an anaconda
  1042 | D        | a merfolk changed into an anaconda
  1043 | D        | a cyclops changed into a merfolk
  1043 | D        | Noticed a glowing shapeshifter
  1043 | D        | a two-headed ogre changed into a glowing shapeshifter
  1044 | D        | a glowing shapeshifter changed into a snapping turtle
  1045 | D        | a faun changed into an elephant
  1045 | D        | Noticed an anaconda
  1045 | D        | a snapping turtle changed into an anaconda
  1045 | D        | Noticed a two-headed ogre
  1045 | D        | a snapping turtle changed into a two-headed ogre
  1046 | D        | a two-headed ogre changed into a swamp worm
  1046 | D        | Noticed a glowing orange brain
  1046 | D        | an elephant changed into a glowing orange brain
  1047 | D        | Killed an anaconda
  1047 | D        | Noticed a shining eye
  1047 | D        | a merfolk changed into a shining eye
  1047 | D        | Noticed a shining eye
  1047 | D        | a glowing orange brain changed into a shining eye
  1048 | D        | Killed a purple very ugly thing
  1048 | D        | Received a gift from Trog
  1048 | D        | Reached skill level 15 in Fighting
  1048 | D        | Noticed a lindwurm
  1048 | D        | a shining eye changed into a lindwurm
  1049 | D        | Noticed a wolf spider
  1049 | D        | a swamp worm changed into a wolf spider
  1050 | D        | Noticed a glowing shapeshifter
  1050 | D        | a wolf spider changed into a glowing shapeshifter
  1050 | D        | a shining eye changed into a torpor snail
  1052 | D        | Killed an anaconda
  1052 | D        | Reached skill level 15 in Armour
  1052 | D        | Noticed a death drake
  1052 | D        | a glowing shapeshifter changed into a death drake
  1054 | D        | Noticed a moth of wrath
  1054 | D        | a death drake changed into a moth of wrath
  1054 | D        | an orb spider changed into a yaktaur
  1055 | D        | Killed a moth of wrath
  1056 | D        | Received a gift from Trog
  1057 | D        | Killed a lindwurm
  1120 | D        | Entered arena 13.
  1120 | D        | Noticed a yaktaur captain
  1120 | D        | Noticed a yaktaur captain
  1120 | D        | Noticed a deep elf master archer
  1120 | D        | Noticed a stone giant
  1120 | D        | Noticed a merfolk javelineer
  1121 | D        | Identified the ring of Polytheism {rElec Dex+2 Stlth+}
  1121 | D        | Noticed a merfolk javelineer
  1121 | D        | Identified the +8 mace of Balance {venom, rC+}
  1121 | D        | Identified the cursed +2 demon whip "Lerig" {freeze, rN+
                  | MR+ Str+5}
  1121 | D        | Noticed a yaktaur captain
  1121 | D        | Identified the +5 halberd of the Wolf {holy, +Rage rC+}
  1122 | D        | Found a transporter.
  1127 | D        | Killed a yaktaur captain
  1129 | D        | Killed a deep elf master archer
  1129 | D        | Reached skill level 16 in Fighting
  1129 | D        | Reached XP level 12. HP: 70/70 MP: 2/12
  1130 | D        | Killed a yaktaur captain
  1131 | D        | Killed a stone giant
  1131 | D        | Killed a yaktaur captain
  1131 | D        | Received a gift from Trog
  1136 | D        | Killed a merfolk javelineer
  1149 | D        | Killed a merfolk javelineer
  1149 | D        | Reached skill level 17 in Fighting
  1182 | D        | Entered arena 14.
  1201 | D        | Noticed an anaconda
  1201 | D        | Noticed a naga warrior
  1201 | D        | Noticed a naga warrior
  1203 | D        | Found the +3 crown of Dyrovepreva {rElec Int+2 SInv}
  1203 | D        | Found a transporter.
  1206 | D        | Reached skill level 1 in Maces & Flails
  1208 | D        | Killed an anaconda
  1208 | D        | Received a gift from Trog
  1215 | D        | Killed a naga warrior
  1215 | D        | Reached skill level 15 in Axes
  1229 | D        | Killed a naga warrior
  1321 | D        | Entered arena 15.
  1322 | D        | Noticed a merfolk aquamancer
  1322 | D        | Noticed a merfolk impaler
  1322 | D        | Noticed a merfolk aquamancer
  1323 | D        | Noticed a merfolk avatar
  1323 | D        | Noticed a merfolk impaler
  1335 | D        | Killed a merfolk aquamancer
  1335 | D        | Reached skill level 5 in Maces & Flails
  1335 | D        | Reached XP level 13. HP: 77/77 MP: 13/13
  1335 | D        | Received a gift from Trog
  1346 | D        | Found a transporter.
  1351 | D        | Reached skill level 18 in Fighting
  1352 | D        | Killed a merfolk impaler
  1352 | D        | Received a gift from Trog
  1381 | D        | Killed a merfolk impaler
  1381 | D        | Received a gift from Trog
  1403 | D        | Gained mutation: Your large and strong wings let you fly
                  | indefinitely. [Gargoyle growth]
  1403 | D        | Reached XP level 14. HP: 83/83 MP: 14/14
  1446 | D        | Entered arena 16.
  1446 | D        | Noticed a vampire knight
  1446 | D        | Noticed a ghoul
  1446 | D        | Noticed an ancient lich
  1448 | D        | Killed from afar by an ancient lich

Levels and vault maps discovered:
D:        sprint_v [room_start, room_1, room_2, room_3, room_4, room_5, room_6,
          room_7, room_8, room_9, room_10, room_11, room_12, room_13, room_14,
          room_15, room_16, room_17, room_18, room_19, room_20, room_21,
          room_22, room_23, room_24, room_25, room_26, room_27]

Skill      XL: |  1  2  3  4  5  6  7  8  9 10 11 12 13 |
---------------+----------------------------------------+-----
Fighting       | 4 6 7 8 10 11 12 14 16 17 18 | 18.5
Axes           | 3 5 6 7 8 9 10 12 14 15 16 | 16.0
Armour         | 3 5 7 8 9 11 12 14 16 17 | 17.7
Dodging        | 2 4 5 6 7 8 9 11 12 13 14 | 14.1
Maces & Flails | 5 8 |  8.0

Action                   |  1- 3 |  4- 6 |  7- 9 | 10-12 | 13-15 || total
-------------------------+-------+-------+-------+-------+-------++-------
Melee: Broad axe         |    10 |     8 |    35 |   108 |    39 ||   200
       War axe           |       |       |     2 |     3 |       ||     5
Invok: Berserk           |     1 |     1 |     3 |     4 |       ||     9
 Abil: Fly               |       |       |       |       |     1 ||     1
  Use: Scroll            |       |       |       |     2 |       ||     2
       Potion            |       |       |       |       |     1 ||     1
  Eat: Chunk             |       |       |     3 |     6 |     1 ||    10
Armor: Plate armour      |     6 |     6 |    27 |   101 |    58 ||   198
Dodge: Dodged            |       |       |     4 |    17 |    10 ||    31
Block: Shield            |    19 |    17 |    46 |   152 |    95 ||   329
